 Dungeon Crawl Stone Soup version 0.20.1-1-g8b1a95d (webtiles) character file.

7129 Gargoyl the Protected (level 10, 0/86 HPs)
             Began as a Minotaur Abyssal Knight on Aug 2, 2017.
             Was an Elder of Lugonu.
             Slain by vlindergert's ghost (32 damage)
             ... on level 9 of the Dungeon.
             The game lasted 00:15:38 (9458 turns).

Gargoyl the Protected (Minotaur Abyssal Knight)     Turns: 9458, Time: 00:15:39

Health: 0/86       AC: 22    Str: 20    XL:     10   Next: 85%
Magic:  14/14      EV:  3    Int:  9    God:    Lugonu [****..]
Gold:   347        SH: 14    Dex: 12    Spells: 9/9 levels left

rFire    + . .     SeeInvis .   A - +11 trident of Callousness {freeze, rElec}
rCold    . . .     Gourm    .   z - +0 large shield
rNeg     . . .     Faith    .   h - +2 plate armour
rPois    .         Spirit   .   (helmet restricted)
rElec    +         Reflect  .   d - +2 cloak
rCorr    .         Harm     .   (no gloves)
MR       .....                  (no boots)
Stlth    ..........             (no amulet)
Regen    0.3/turn               B - ring of protection from fire
MPRegen  0.2/turn               y - +5 ring of slaying

@: no status effects
A: retaliatory headbutt, beak, horns 2, slimy green scales 1, strong 1
a: Depart the Abyss, Bend Space, Banish, Corrupt, Renounce Religion


You were on level 9 of the Dungeon.
You worshipped Lugonu.
Lugonu was greatly pleased with you.
You were hungry.

You visited 1 branch of the dungeon, and saw 9 of its levels.
You visited the Abyss 1 time.

You collected 347 gold pieces.

Inventory:

Hand Weapons
 k - a +1 war axe
 w - a +5 war axe
 A - the +11 trident of Callousness (weapon) {freeze, rElec}
   (You found it on level 7 of the Dungeon)

   It has been specially enchanted to freeze those struck by it, causing extra
   injury to most foes and up to half again as much damage against particularly
   susceptible opponents.
   It can also slow down cold-blooded creatures.
   It insulates you from electricity.
Missiles
 a - 3 tomahawks (quivered)
Armour
 d - a +2 cloak (worn)
 h - a +2 plate armour (worn)
 z - a +0 large shield (worn)
Jewellery
 y - a +5 ring of slaying (right hand)
 B - a ring of protection from fire (left hand)
 C - an uncursed ring of magical power
 E - an uncursed ring of see invisible {unknown}
Wands
 j - a wand of digging (21/24)
 o - a wand of random effects (21/48)
 r - a wand of random effects (20/48)
 G - a wand of flame (27/48)
Scrolls
 f - 4 scrolls of identify
 p - 6 scrolls of teleportation
 q - 4 scrolls of remove curse
 t - a scroll of blinking
 u - a scroll of magic mapping
 F - a scroll of holy word {unknown}
Potions
 e - 4 potions of heal wounds
 g - a potion of mutation
 l - 2 potions of haste
 m - 4 potions of curing {unknown}
 n - 3 potions of berserk rage
 v - a potion of flight
 D - a potion of degeneration {unknown}
Books
 x - a book of Cantrips

   Spells                             Type                      Level
   a - Confusing Touch                Hexes                        1
   b - Animate Skeleton               Necromancy                   1
   c - Summon Small Mammal            Summoning                    1
   d - Apportation                    Translocation                1
Comestibles
 b - 5 royal jellies
 c - 10 bread rations
 i - 4 meat rations
 s - 5 fruits


   Skills:
 + Level 7.1 Fighting
 + Level 10.1(10.6) Axes
 + Level 5.2(8.4) Polearms
 * Level 11.8 Armour
 + Level 2.1 Dodging
 + Level 4.1 Shields
 * Level 7.4 Invocations


You had 9 spell levels left.
You didn't know any spells.

Dungeon Overview and Level Annotations

Branches:
Dungeon (9/15)             Temple (0/1) D:6
   Lair: D:8-11         Orc: D:9-12

Altars:
Ashenzari
Elyvilon
Fedhas
Gozag
Hepliaklqana
Kikubaaqudgha
Makhleb
Nemelex Xobeh
Qazlal
Sif Muna
Uskayaw
Vehumet
Xom
The Shining One

Shops:
D:8 *   D:9 [

Annotations:
D:9 vlindergert's ghost, journeyman MiFi


Innate Abilities, Weirdness & Mutations

You reflexively headbutt those who attack you in melee.
You have a pair of horns on your head.
You have a beak for a mouth.
You are partially covered in slimy green scales. (AC +2)
Your muscles are strong. (Str +2)


Message History

You peck vlindergert's ghost.
Vlindergert's ghost is severely damaged.
Vlindergert's ghost hits you but does no damage.
You puncture vlindergert's ghost! You freeze vlindergert's ghost.
Vlindergert's ghost is severely damaged.
Vlindergert's ghost hits you!
* * * LOW HITPOINT WARNING * * *
x2 You hit vlindergert's ghost but do no damage.
Vlindergert's ghost is severely damaged.
Vlindergert's ghost hits you but does no damage.
You hit vlindergert's ghost but do no damage.
You peck vlindergert's ghost, but do no damage.
Vlindergert's ghost is severely damaged.
You block vlindergert's ghost's attack.
You feel much better. You block vlindergert's ghost's attack.
You hit vlindergert's ghost.
Vlindergert's ghost is severely damaged.
Vlindergert's ghost shouts, "You must not succeed where I failed!"
Vlindergert's ghost hits you!!
You die...

#.# . #.# # #.# ####.#
### #....###### ##.##
#..###......###...## #
##.###.##.....##
#.............#
#.....##.W@..#
#.##.#####...##
..#........#.#########
#.##.###.........)....#
#.... #.......######.#
#### ##.#.##..# #.#
.........# #.#
.......###.# ##.##
####.#### #.# ##.#.###


You could see vlindergert's ghost.

Vanquished Creatures
  2 two-headed ogres
  Pikel (D:5)
  An ugly thing (D:8)
  A troll (D:7)
  Sigmund (D:5)
  A spriggan (D:8)
  A wyvern (D:8)
  Menkaure (D:5)
  2 orc warriors (D:7)
  2 sky beasts
  2 phantoms
  The ghost of Gargoyl the Skirmisher, an amateur MiAK of Lugonu (D:3)
  2 slaves (D:5)
  2 centaurs
  7 ogres
  4 bullfrogs
  A scorpion (D:6)
  8 killer bees
  5 howler monkeys
  5 wights (D:6)
  3 crimson imps
  A bullfrog zombie (D:3)
  4 hounds
  5 jellies
  Crazy Yiuf (D:3)
  A bullfrog skeleton (D:5)
  3 orc priests
  A centaur zombie (D:8)
  2 iguanas
  7 orc wizards
  8 worker ants
  3 hound skeletons
  7 gnolls
  A howler monkey skeleton (D:4)
  7 adders
  3 shadow imps
  3 oozes
  6 worms
  2 dart slugs
  4 leopard geckos
  19 orcs
  2 ball pythons
  2 bats
  8 giant cockroaches
  6 goblins
  6 hobgoblins
  7 jackals
  A quokka (D:5)
  4 frilled lizards
  A jackal zombie (D:7)
  7 kobolds
  4 rats
189 creatures vanquished.

Vanquished Creatures (others)
  A two-headed ogre (D:8)
  5 dream sheep (D:5)
  A hound (D:8)
  2 jellies (D:8)
  An orc priest (D:8)
  An orc wizard (D:8)
  A hound skeleton (D:5)
  An adder (D:8)
  An orc (D:8)
  A kobold (D:3)
  A quokka (D:4)
16 creatures vanquished.

Grand Total: 205 creatures vanquished

Notes
Turn   | Place    | Note
-------+----------+-------------------------------------------
     0 | Abyss:1  | Gargoyl the Minotaur Abyssal Knight began the quest for the Orb.
     0 | Abyss:1  | Reached XP level 1. HP: 19/19 MP: 1/1
   103 | Abyss:1  | Noticed a chaos spawn
   120 | Abyss:1  | Noticed a small abomination
   129 | D:1      | Escaped the Abyss
   218 | D:1      | Reached XP level 2. HP: 14/27 MP: 2/2
   375 | D:1      | Reached * piety under Lugonu
   894 | D:2      | Reached XP level 3. HP: 33/33 MP: 3/3
  1226 | D:2      | Reached skill level 3 in Armour
  1235 | D:2      | Reached XP level 4. HP: 22/40 MP: 4/4
  1975 | D:3      | Reached skill level 4 in Armour
  1975 | D:3      | Reached XP level 5. HP: 46/46 MP: 6/6
  1987 | D:3      | Noticed Gargoyl's ghost (amateur MiAK)
  2009 | D:3      | Killed Gargoyl's ghost
  2331 | D:3      | Found a sparkling altar of Nemelex Xobeh.
  2418 | D:3      | Reached ** piety under Lugonu
  2687 | D:3      | Found an opulent altar of Gozag.
  2759 | D:3      | Found a stormy altar of Qazlal.
  2858 | D:3      | Found a runed door.
  2942 | D:3      | Noticed Crazy Yiuf
  2954 | D:3      | Killed Crazy Yiuf
  2954 | D:3      | Reached skill level 5 in Armour
  2954 | D:3      | Reached XP level 6. HP: 42/53 MP: 7/7
  3417 | D:4      | Found a blossoming altar of Fedhas.
  3545 | D:4      | Reached skill level 5 in Axes
  3832 | D:4      | Reached XP level 7. HP: 53/60 MP: 8/8
  3877 | D:4      | Found a white marble altar of Elyvilon.
  3885 | D:4      | Reached skill level 6 in Armour
  4054 | D:4      | Found a glowing golden altar of the Shining One.
  4191 | D:4      | Found a deep blue altar of Sif Muna.
  4379 | D:5      | Entered Level 5 of the Dungeon
  4391 | D:5      | Reached skill level 7 in Armour
  4458 | D:5      | Reached skill level 5 in Fighting
  4461 | D:5      | Found a hazy altar of Hepliaklqana.
  4509 | D:5      | Found a shimmering altar of Xom.
  4509 | D:5      | Noticed a dream sheep
  4509 | D:5      | Noticed a dream sheep
  4509 | D:5      | Noticed a dream sheep
  4509 | D:5      | Noticed a dream sheep
  4509 | D:5      | Noticed a dream sheep
  4514 | D:5      | Killed a dream sheep
  4516 | D:5      | Killed a dream sheep
  4517 | D:5      | Killed a dream sheep
  4517 | D:5      | Killed a dream sheep
  4517 | D:5      | Killed a dream sheep
  4644 | D:5      | Found a burning altar of Makhleb.
  4650 | D:5      | Reached XP level 8. HP: 52/68 MP: 10/10
  4773 | D:5      | Reached *** piety under Lugonu
  4832 | D:5      | Noticed Sigmund
  4838 | D:5      | Killed Sigmund
  4838 | D:5      | Reached skill level 8 in Armour
  5089 | D:5      | Noticed Pikel
  5105 | D:5      | Killed Pikel
  5105 | D:5      | Reached skill level 9 in Armour
  5105 | D:5      | Reached skill level 5 in Invocations
  5263 | D:5      | Found an ancient bone altar of Kikubaaqudgha.
  5380 | D:5      | Noticed Menkaure
  5387 | D:5      | Killed Menkaure
  5415 | D:5      | Reached XP level 9. HP: 68/75 MP: 12/12
  5688 | D:6      | Found a hide-covered altar of Uskayaw.
  6307 | D:6      | Gained mutation: You have a beak for a mouth. [potion of mutation]
  6307 | D:6      | Gained mutation: You are partially covered in slimy green scales. (AC +2) [potion of mutation]
  6307 | D:6      | Gained mutation: Your muscles are strong. (Str +2) [potion of mutation]
  6445 | D:6      | Found a staircase to the Ecumenical Temple.
  6814 | D:7      | Found a shattered altar of Ashenzari.
  6961 | D:7      | Reached skill level 10 in Armour
  7031 | D:7      | Noticed a troll
  7034 | D:7      | Got an ivory trident
  7038 | D:7      | Killed a troll
  7045 | D:7      | Identified the +11 trident of Callousness {freeze, rElec} (You found it on level 7 of the Dungeon)
  7057 | D:7      | Reached **** piety under Lugonu
  7165 | D:7      | Reached skill level 10 in Axes
  7165 | D:7      | Reached skill level 1 in Shields
  7237 | D:7      | Reached skill level 1 in Polearms
  7237 | D:7      | Reached XP level 10. HP: 56/84 MP: 13/13
  8221 | D:8      | Noticed a two-headed ogre
  8221 | D:8      | Noticed a two-headed ogre
  8230 | D:8      | Banished a two-headed ogre
  8236 | D:8      | Killed a two-headed ogre
  8236 | D:8      | Reached skill level 11 in Armour
  8579 | D:8      | Found Susicw Muth's General Store.
  8613 | D:8      | Noticed a red ugly thing
  8621 | D:8      | Killed a red ugly thing
  8761 | D:8      | Found a radiant altar of Vehumet.
  8991 | D:9      | Found Booqah's Antique Armour Shoppe.
  9157 | D:9      | Noticed a two-headed ogre
  9167 | D:9      | Killed a two-headed ogre
  9167 | D:9      | Reached skill level 5 in Polearms
  9442 | D:9      | Noticed vlindergert's ghost (journeyman MiFi)
  9458 | D:9      | Slain by vlindergert's ghost

Skill      XL: |  1  2  3  4  5  6  7  8  9 10 |
---------------+-------------------------------+-----
Fighting       | 4 5 6 7 |  7.1
Invocations    | 2 3 4 5 6 7 |  7.4
Axes           | 3 4 5 6 8 10 | 10.1
Armour         | 3 4 5 7 9 10 11 | 11.8
Dodging        | 2 |  2.1
Shields        | 1 4 |  4.1
Polearms       | 1 5 |  5.2

Action                   |  1- 3 |  4- 6 |  7- 9 | 10-12 || total
-------------------------+-------+-------+-------+-------++-------
Melee: Hand axe          |    76 |   167 |       |       ||   243
       Headbutt          |    11 |    30 |    50 |    15 ||   106
       War axe           |       |    10 |   227 |       ||   237
       Trident           |       |       |    19 |    87 ||   106
       Peck              |       |       |    15 |    15 ||    30
Invok: Depart the Abyss  |     1 |       |       |       ||     1
       Banish            |       |       |       |     1 ||     1
  Use: Scroll            |     5 |     5 |    12 |     2 ||    24
       Potion            |     3 |       |     1 |     3 ||     7
 Stab: Distracted        |       |     1 |       |       ||     1
  Eat: Chunk             |     1 |     8 |    11 |     7 ||    27
Armor: Plate armour      |    53 |   149 |   176 |    43 ||   421
       Leather armour    |     3 |       |       |       ||     3
Dodge: Dodged            |    39 |    38 |    76 |    10 ||   163
Block: Large shield      |       |       |    39 |    73 ||   112
